 Dungeon Crawl Stone Soup version 0.28-a0-439-g4cf4cd4993 (webtiles) character file.

Game seed: 15917314500011854804

21430 Conn the Arsonist (level 12, -59/108 HPs)
             Began as an Octopode Fire Elementalist on Sept 11, 2021.
             Was an Elder of Sif Muna.
             Annihilated by an enormous slime creature (62 damage)
             ... in an ice cave.
             The game lasted 01:13:19 (16040 turns).

Conn the Arsonist (Octopode Fire Elementalist)     Turns: 16040, Time: 01:13:24

Health: -59/108    AC: 29    Str:  7    XL:     12   Next: 89%
Magic:  20/25      EV:  2    Int: 22    God:    Sif Muna [****..]
Gold:   687        SH:  8    Dex: 13    Spells: 12/30 levels left

rFire   x . .      SeeInvis .   b - staff of conjuration
rCold   + . .      Faith    .   A - +3 buckler {AC+3}
rNeg    + + +      Spirit   .   (helmet currently unavailable)
rPois   +          Reflect  .   (no amulet)
rElec   .          Harm     .   w - ring of resist corrosion
rCorr   +          Rampage  .   t - ring of ice
Will    .....      NoTele   +   (no ring)
Stlth   +++.......              (no ring)
HPRegen 0.28/turn               (no ring)
MPRegen 0.19/turn               (no ring)
                                (no ring)
                                (no ring)

@: tree-form
A: stationary, stasis, torment immunity, boosted hp, almost no armour,
(amphibious), 8 rings, (camouflage 1), (gelatinous body 1), (nimble swimmer 1),
(tentacles)
a: Renounce Religion, Channel Magic, Forget Spell, Divine Exegesis


You were in an ice cave.
You worshipped Sif Muna.
Sif Muna was greatly pleased with you.
You were a tree.
You visited 3 branches of the dungeon, and saw 13 of its levels.
You also visited: Ice Cave.

You collected 844 gold pieces.
You spent 157 gold pieces at shops.

Inventory:

Hand Weapons
 a - the +4 whip "Wiurisom" {protect, rN+ Int+2 Stlth-}
   (You found it on level 6 of the Dungeon)

   It grants its wielder temporary protection when it strikes (+7 to AC).
   Int:       It affects your intelligence (+2).
   rN:        It protects you from negative energy.
   Stlth:     It makes you less stealthy.
 y - a +1 trident of protection
Missiles
 g - 62 poisoned darts
Armour
 i - a +0 buckler
 A - a +3 buckler of protection (worn)
 I - the +3 hat of Pondering (melded) {ponderous, Will+ MP+10 Int+5}
   (You took it off Gastronok on level 9 of the Dungeon)

   Int:       It affects your intelligence (+5).
   MP:        It affects your magic capacity (+10).
   Will:      It increases your willpower.
Magical Staves
 b - a staff of conjuration (weapon)
Jewellery
 t - a ring of ice (right branch)
 w - a ring of resist corrosion (left branch)
Wands
 j - a wand of paralysis (6)
 r - a wand of flame (21)
 u - a wand of acid (16)
 x - a wand of iceblast (7)
 F - a wand of digging (8)
 H - a wand of polymorph (17)
 K - a wand of mindburst (13)
Scrolls
 d - 4 scrolls of teleportation
 e - a scroll of torment
 m - 2 scrolls of fog
 o - a scroll of magic mapping
 v - a scroll of enchant armour
 z - 3 scrolls of immolation
Potions
 c - a potion of flight
 k - 4 potions of curing
 n - 2 potions of might
 B - 3 potions of mutation
 C - a potion of magic
 G - a potion of haste
 J - a potion of brilliance
Miscellaneous
 E - a box of beasts


   Skills:
 + Level 2.8 Fighting
 + Level 1.2 Staves
 + Level 3.2 Dodging
 + Level 5.1 Stealth
 * Level 6.2 Shields
 + Level 9.5 Spellcasting
 + Level 9.6 Conjurations
 - Level 4.4 Hexes
 + Level 3.2 Transmutations
 + Level 10.8 Fire Magic
 * Level 6.9 Invocations
 + Level 2.6 Evocations


You had 12 spell levels left.
You knew the following spells:

 Your Spells              Type           Power      Damage    Failure   Level
a - Foxfire               Conj/Fire      100%       2x1d9     1%          1
b - Conjure Flame         Conj/Fire      70%        6-21      1%          3
c - Inner Flame           Hex/Fire       44%        N/A       1%          3
d - Flame Wave            Conj/Fire      70%        3d12      1%          4
e - Scorch                Fire           100%       2d10      1%          2
f - Irradiate             Conj/Tmut      27%        3d22      13%         5

Your spell library contained the following spells:

 Spells                   Type           Power      Damage    Failure   Level
 Animate Skeleton         Necr           20%        N/A       6%          1
 Apportation              Tloc           20%        N/A       6%          1
 Pain                     Necr           40%        1d6       6%          1
 Summon Small Mammal      Summ           40%        N/A       6%          1
 Vampiric Draining        Necr           5%         2d6       19%         3
 Blade Hands              Tmut           12%        N/A       43%         5
 Dragon Form              Tmut           12%        N/A       100%        7


Dungeon Overview and Level Annotations

Branches:
Dungeon (11/15)            Temple (1/1) D:5            Lair (1/6) D:11
  IceCv (1/1)
    Orc: D:9-12

Altars:
Ashenzari
Cheibriados
Dithmenos
Elyvilon
Fedhas
Gozag
Hepliaklqana
Kikubaaqudgha
Makhleb
Nemelex Xobeh
Okawaru
Qazlal
Ru
Sif Muna
Trog
Uskayaw
Vehumet
Wu Jian
Xom
Yredelemnul
Zin
The Shining One
Beogh

Shops:
D:4 *:!!*

Portals:
Trove: D:10 (give 5 scrolls of fear)

Annotations:
IceCv exclusion: ice statue


Innate Abilities, Weirdness & Mutations

You are a tree.
Your roots penetrate the ground, keeping you stationary.
You cannot be teleported.
You are immune to unholy pain and torment.
Your maximum health is greatly increased.
You cannot wear most types of armour.
((You are amphibious.))
You can wear up to eight rings at the same time.
((Your skin changes colour to match your surroundings (Stealth+).))
((Your rubbery body absorbs attacks. (AC +1, EV +1)))
((You are camouflaged near water. (Stealth+)))
((You have tentacles for arms and can constrict up to eight enemies at once.))


Message History

(Press . to intensify the flame waves.)
You block the quicksilver ooze's attack.
The quicksilver ooze hits you but does no damage.
The slime creature hits you!
* * * LOW HITPOINT WARNING * * *
A wave of flame ripples out!
The flame wave engulfs the quicksilver ooze!!
You kill the quicksilver ooze!
Sif Muna accepts your kill.
You can now call upon Sif Muna to cast any spell from your library.
The ooze engulfing you falls away.
The flame wave engulfs the slime creature!!
You kill the slime creature!
Sif Muna accepts your kill.
The flame wave engulfs the enormous slime creature!!
The enormous slime creature is heavily wounded.
Press: ? - help, v - describe, . - travel
Here: an enormous slime creature (heavily wounded)
The floor.
Aiming: Paralyse
Press: ? - help, Shift-Dir - straight line, f - enormous slime creature
Aim: an enormous slime creature (heavily wounded, chance to affect: 36%)
Okay, then.
Aiming: Polymorph
Press: ? - help, Shift-Dir - straight line, f - enormous slime creature
Aim: an enormous slime creature (heavily wounded, will probably split, will become a great orb of eyes, a glowing orange brain, or a wind drake, chance to affect: 36%)
Okay, then.
Unknown command.
Casting: Flame Wave (mildly dangerous; 1% risk of failure)
Confirm with . or Enter, or press ? or * to list all spells.
Okay, then.
Unknown command.
Unknown command.
Aiming: Paralyse
Press: ? - help, Shift-Dir - straight line, f - enormous slime creature
Aim: an enormous slime creature (heavily wounded, chance to affect: 36%)
The enormous slime creature easily resists.
The enormous slime creature hits you!!!
Ouch! That really hurt!
You die...

##. #.... #######......
######....♣......#
###..........J....##
###.......###########
#.......### ###########
##....### #.........###
##....###
###...........##
###....###.....###......#
8 ##.........### ##.....#
.# ####....### ###....#


You could see an enormous slime creature.

Vanquished Creatures
  Gastronok (D:9)
  A quicksilver ooze (IceCv)
  A boulder beetle (D:8)
  4 two-headed ogres
  A centaur warrior (D:11)
  The ghost of kuniqs the Carver, a novice MiGl (D:8)
  A phantasmal warrior (D:11)
  An ugly thing (D:9)
  An ice statue (IceCv)
  2 gargoyles
  A cane toad (Lair:1)
  3 komodo dragons (D:11)
  5 trolls
  10 slime creatures (IceCv)
  3 wraiths (D:11)
  A vampire (D:10)
  A wyvern (D:10)
  A basilisk (D:11)
  4 yaks (D:9)
  4 steam dragons
  3 vampire mosquitoes (D:11)
  4 water moccasins
  4 orc warriors
  2 ice beasts
  A sky beast (D:8)
  3 black bears
  3 necrophages
  An ogre (D:6)
  8 centaurs
  2 phantoms
  2 kobold brigands
  7 bullfrogs
  A gnoll sergeant (D:8)
  4 scorpions
  3 glowing shapeshifter simulacra (IceCv)
  A water moccasin skeleton (D:6)
  10 killer bees
  7 wights
  A howler monkey (D:8)
  2 electric eels (D:6)
  A bullfrog zombie (D:6)
  3 centaur zombies
  2 bullfrog skeletons
  3 hounds
  A jelly (D:7)
  Crazy Yiuf (D:6)
  6 orc priests
  A centaur skeleton (D:5)
  3 gnoll shamans
  5 iguanas
  7 orc wizards
  A killer bee zombie (D:8)
  2 howler monkey zombies
  10 gnolls
  8 adders
  2 shadow imps
  A white imp (D:6)
  2 ufetubi
  A worm (D:2)
  3 dart slugs
  28 orcs
  4 ball pythons
  10 endoplasms
  3 giant cockroaches
  5 goblins
  9 hobgoblins
  7 jackals (D:1)
  5 quokkas
  8 bats
  6 frilled lizards
  8 kobolds
  5 rats
  A foxfire (D:11)
278 creatures vanquished.

Vanquished Creatures (collateral kills)
  3 foxfires (D:3)
3 creatures vanquished.

Vanquished Creatures (others)
  1074 foxfires
  A fungus (Lair:1)
  A plant (Lair:1)
1076 creatures vanquished.

Grand Total: 1357 creatures vanquished

Notes
Turn   | Place    | Note
-------+----------+-------------------------------------------
     0 | D:1      | Conn the Octopode Fire Elementalist began the quest for the
                  | Orb.
     0 | D:1      | Reached XP level 1. HP: 11/11 MP: 3/3
   262 | D:1      | Reached XP level 2. HP: 13/17 MP: 1/5
   768 | D:1      | Reached XP level 3. HP: 20/21 MP: 2/6
  1486 | D:2      | Learned a level 3 spell: Conjure Flame
  1622 | D:2      | Reached XP level 4. HP: 27/27 MP: 3/8
  2679 | D:3      | Learned a level 3 spell: Inner Flame
  2720 | D:3      | Found a faded altar of an unknown god.
  3016 | D:3      | Noticed a phantom
  3028 | D:3      | Killed a phantom
  3029 | D:3      | Reached skill level 4 in Fire Magic
  3029 | D:3      | Reached XP level 5. HP: 20/31 MP: 3/9
  3810 | D:4      | Noticed an ice beast
  3827 | D:3      | Killed an ice beast
  3828 | D:3      | Reached skill level 1 in Hexes
  3828 | D:3      | Reached XP level 6. HP: 10/36 MP: 10/10
  4063 | D:3      | Learned a level 4 spell: Flame Wave
  4067 | D:4      | Found Saicsa's Distillery.
  4075 | D:4      | Identified a scroll of acquirement
  4076 | D:4      | Acquired a staff of conjuration
  4093 | D:4      | Bought a potion of lignification for 36 gold pieces
  4093 | D:4      | Bought a potion of heal wounds for 60 gold pieces
  4163 | D:4      | Found Laad Upn's Book Boutique.
  4235 | D:4      | Reached XP level 7. HP: 41/41 MP: 0/12
  4235 | D:4      | Found Jebuzxu's Distillery.
  4254 | D:5      | Entered Level 5 of the Dungeon
  4269 | D:5      | Found a staircase to the Ecumenical Temple.
  4451 | D:5      | Reached skill level 5 in Fire Magic
  4623 | Temple   | Entered the Ecumenical Temple
  4661 | Temple   | Became a worshipper of Sif Muna the Loreminder
  5280 | D:4      | Found Cual's Assorted Antiques.
  5535 | D:4      | Reached XP level 8. HP: 47/47 MP: 2/14
  5797 | D:4      | Bought a potion of curing for 36 gold pieces
  5798 | D:4      | Found Semedujy's Assorted Antiques.
  5806 | D:4      | Bought a lumpy golden potion for 25 gold pieces
  6095 | D:5      | Reached skill level 5 in Conjurations
  6209 | D:6      | Reached * piety under Sif Muna
  6318 | D:6      | Reached skill level 6 in Fire Magic
  6802 | D:6      | Reached skill level 5 in Spellcasting
  6844 | D:6      | Reached XP level 9. HP: 52/52 MP: 10/16
  6888 | D:6      | Reached skill level 7 in Fire Magic
  7547 | D:6      | Identified the +4 whip "Wiurisom" {protect, rN+ Int+2
                  | Stlth-}
  8306 | D:6      | Found a runed translucent door.
  8307 | D:6      | Noticed Crazy Yiuf
  8314 | D:6      | Killed Crazy Yiuf
  8570 | D:7      | Found a runed translucent gate.
  8570 | D:7      | Found a runed translucent gate.
  8570 | D:7      | Noticed kuniqs's ghost (novice MiGl)
  8571 | D:7      | Found a runed translucent gate.
  8608 | D:7      | Reached skill level 1 in Fighting
  8626 | D:7      | You fall into a shaft and drop 2 floors!
  8656 | D:9      | Reached XP level 10. HP: 24/58 MP: 0/18
  8674 | D:9      | Reached skill level 8 in Fire Magic
  8678 | D:9      | Reached ** piety under Sif Muna
  8880 | D:8      | Reached skill level 1 in Evocations
  9048 | D:8      | Noticed a boulder beetle
  9050 | D:8      | Reached skill level 1 in Staves
  9050 | D:8      | Reached skill level 1 in Invocations
  9143 | D:8      | Reached skill level 1 in Shields
  9160 | D:8      | Killed a boulder beetle
  9348 | D:8      | Noticed a two-headed ogre
  9355 | D:8      | Killed a two-headed ogre
  9356 | D:8      | Reached skill level 9 in Fire Magic
  9376 | D:8      | Reached XP level 11. HP: 64/64 MP: 14/21
 10594 | D:8      | Noticed a two-headed ogre
 10602 | D:8      | Killed a two-headed ogre
 11203 | D:7      | Reached *** piety under Sif Muna
 11547 | D:7      | Learned a level 2 spell: Scorch
 11553 | D:7      | Learned a level 5 spell: Irradiate
 11799 | D:7      | Reached skill level 5 in Invocations
 11880 | D:7      | Identified the +2 helmet of Floral Amelioration {Int+4}
 12118 | D:8      | Killed kuniqs's ghost
 12397 | D:9      | Noticed a green ugly thing
 12407 | D:9      | Killed a green ugly thing
 12408 | D:9      | Reached skill level 1 in Transmutations
 12703 | D:9      | Noticed Gastronok
 12806 | D:9      | Killed Gastronok
 13111 | D:10     | Entered Level 10 of the Dungeon
 13117 | D:10     | Found an iron altar of Okawaru.
 13462 | D:10     | Found a portal to a secret trove of treasure.
 13955 | D:11     | Noticed a centaur warrior
 14017 | D:11     | Noticed a two-headed ogre
 14023 | D:11     | Killed a two-headed ogre
 14024 | D:11     | Reached skill level 5 in Stealth
 14024 | D:11     | Reached XP level 12. HP: 55/70 MP: 23/24
 14103 | D:11     | Found a sacrificial altar of Ru.
 14118 | D:11     | Noticed a two-headed ogre
 14128 | D:11     | Killed a two-headed ogre
 14129 | D:11     | Reached skill level 10 in Fire Magic
 14296 | D:11     | Killed a centaur warrior
 14297 | D:11     | Reached skill level 5 in Shields
 14984 | D:11     | Found a staircase to the Lair.
 15029 | D:11     | Noticed a death knight
 15077 | Lair:1   | Entered Level 1 of the Lair of Beasts
 15284 | Lair:1   | Found a frozen archway.
 15298 | IceCv    | Entered an ice cave
 16032 | IceCv    | Noticed a quicksilver ooze
 16038 | IceCv    | HP: 2/108 [slime creature (10)]
 16039 | IceCv    | Killed a quicksilver ooze
 16039 | IceCv    | Reached **** piety under Sif Muna
 16040 | IceCv    | Annihilated by an enormous slime creature

Illustrated notes

Levels and vault maps discovered:
D:1:      lightli_arrival_isolated_outpost, layout_loops_ring
D:2:      layout_loops_corners
D:3:      layout_loops_corners, shapermc_ecumenical_altar_mp_urbaneastern
D:4:      layout_cave_pools, portal_sewer_entry_f, serial_shops, shop,
          shop_fountains, nicolae_shop_statue_plus, nicolae_stop_n_shop_1,
          nicolae_shop_waterfront
D:5:      layout_loops_cross, temple_fountains
D:6:      minmay_thinvault, layout_layer_cave, kennysheep_cluttered_room,
          chequers_serial_rivers_micro_e, uniq_crazy_yiuf_cottage
D:7:      layout_loops_corners, biasface_ghost_orc_armoury
D:8:      cheibrodos_ideogram_h, layout_gridville, minmay_bent
D:9:      layout_rooms, uniq_gastronok
D:10:     layout_basic, okawaru_gym_becter, nicolae_trove_entry_columns
D:11:     layout_rooms, erik_lair_dragon, hangedman_ru_absence
Temple:   compressed_dpeg_circular_temple
Lair:1:   layout_long_grid, portal_ice_cave_entry_pillars_1
IceCv:    ice_cave_hellmonk_azure_passage

Skill      XL: |  1  2  3  4  5  6  7  8  9 10 11 12 |
---------------+-------------------------------------+-----
Stealth        | 3 4 5 |  5.1
Spellcasting   | 3 4 5 7 8 9 |  9.5
Conjurations   | 2 3 4 6 7 8 9 |  9.6
Fire Magic     | 4 5 6 7 9 10 | 10.8
Hexes          | 1 2 3 4 |  4.4
Fighting       | 1 2 |  2.8
Evocations     | 2 |  2.6
Staves         | 1 |  1.2
Invocations    | 4 6 |  6.9
Shields        | 2 4 6 |  6.2
Transmutations | 2 3 |  3.2
Dodging        | 3 |  3.2

Action                   |  1- 3 |  4- 6 |  7- 9 | 10-12 || total
-------------------------+-------+-------+-------+-------++-------
Melee: Unarmed           |    28 |    11 |       |       ||    39
       Constrict         |    11 |     4 |     9 |     3 ||    27
       Tentacles         |     3 |     3 |     4 |     5 ||    15
       Staff             |       |     1 |    24 |    27 ||    52
       Trident           |       |       |     3 |       ||     3
 Cast: Foxfire           |    47 |    92 |   181 |   317 ||   637
       Inner Flame       |       |       |    12 |    40 ||    52
       Flame Wave        |       |       |     6 |    31 ||    37
       Conjure Flame     |       |       |     3 |     8 ||    11
       Scorch            |       |       |       |    15 ||    15
       Irradiate         |       |       |       |     2 ||     2
Invok: Channel Magic     |       |       |       |     4 ||     4
Evoke: Wand              |       |       |     5 |    17 ||    22
       Box of beasts     |       |       |       |     1 ||     1
  Use: Potion            |       |     3 |     1 |     6 ||    10
       Scroll            |       |     3 |     2 |    16 ||    21
 Stab: Sleeping          |       |       |     1 |       ||     1
Armor: Skin              |     6 |     2 |     3 |    29 ||    40
Dodge: Dodged            |    33 |    13 |    49 |    53 ||   148
Block: Buckler           |       |       |       |    43 ||    43

Table legend: (Time is in decaauts)
 A = Elapsed time spent in this place.
 B = Non-inter-level travel time spent in this place.
 C = Inter-level travel time spent in this place.
 D = Time resting spent in this place.
 E = Time spent auto-exploring this place.
 F = Levels seen in this place.
 G = Mean time per level.
                   A        B        C        D        E       F      G
               +--------+--------+--------+--------+--------+-----+--------+
         Total |  16179 |  15966 |    213 |   2503 |   9748 |  14 | 1155.6 |
       Dungeon |  15137 |  14945 |    192 |   1839 |   9745 |  11 | 1376.1 |
        Temple |     62 |     41 |     21 |      0 |      0 |   1 |   62.0 |
          Lair |    225 |    225 |      0 |    151 |      0 |   1 |  225.0 |
      Ice Cave |    754 |    754 |      0 |    513 |      3 |   1 |  754.0 |
               +--------+--------+--------+--------+--------+-----+--------+

Top non-repeatable levels by time:
     D:8: 2317 daAuts
     D:6: 2287 daAuts
     D:3: 1634 daAuts
     D:7: 1366 daAuts
     D:1: 1351 daAuts
    D:11: 1111 daAuts
     D:5: 1091 daAuts
     D:2: 1066 daAuts
     D:4: 980 daAuts
     D:9: 974 daAuts
    D:10: 956 daAuts
   IceCv: 754 daAuts
  Lair:1: 225 daAuts
  Temple: 62 daAuts
